Map: 锈化山巅-天梯版

Players

iGXY (XY) - Winner!

  • Race: Terran Terran
  • League: Master

iGCoffeeMs (Coffee)

  • Race: Terran Terran

Event: DreamHack SC2 Masters 2021 Winter

VOD

Have the link to the VOD?

Description

Time

  • Played on: Oct. 6, 2021, 9:58 a.m.
  • Length: 6:02

All games in this series

Show
View Real Time Build Order
Export as new Build Order

iGXY Terran - Winner!

Build Orders:  

Get SALT Encoding   

  12  0:00  SCV  
  13  0:12  SCV  
  14  0:16  Supply Depot  
  14  0:24  SCV  
  15  0:38  SCV  
  15  0:39  Barracks  
  15  0:42  Refinery  
  16  0:50  SCV  
  16  0:51  Refinery  
  17  1:02  SCV  
  18  1:14  SCV  
  19  1:26  Reaper, Orbital Command  
  19  1:29  Supply Depot  
  20  1:39  Factory  
  20  1:52  SCV  
  21  1:58  Reaper  
  22  2:04  SCV  
  23  2:14  Command Center  
  23  2:17  SCV  
  24  2:23  Hellion  
  24  2:28  Supply Depot  
  24  2:29  SCV  
  27  2:33  Barracks Reactor  
  27  2:41  SCV  
  28  2:45  Starport  
  28  2:47  Factory Tech Lab  
  28  2:53  SCV  
  29  3:05  SCV, Siege Tank  
  32  3:08  Marine x2  
  35  3:14  Refinery  
  35  3:18  SCV  
  36  3:21  Medivac  
  40  3:29  Orbital Command  
  40  3:30  SCV  
  35  3:50  Marine x2  
  35  3:52  SCV  
  35  3:55  Siege Tank  
  40  3:57  SCV  
  40  4:00  Supply Depot  
  41  4:04  SCV  
  41  4:09  SCV  
  43  4:14  Viking x2  
  43  4:16  SCV, Marine  
  49  4:21  SCV  
  49  4:22  Supply Depot  
  50  4:27  Siege Tank  
  50  4:28  SCV  
  54  4:33  SCV, Marine  
  56  4:41  SCV  
  56  4:44  Viking x2  
  55  4:55  SCV  
  55  4:57  SCV  
  55  4:59  Siege Tank  
  59  5:03  Supply Depot  
  58  5:07  SCV  
  58  5:09  SCV  
  58  5:14  Viking  
  62  5:21  SCV  
  63  5:27  Marine  
  61  5:30  Viking  
  61  5:35  SCV x2  
  68  5:36  Command Center  
  67  5:48  SCV  
Show
View Real Time Build Order
Export as new Build Order

iGCoffeeMs Terran 

Build Orders:  

Get SALT Encoding   

  12  0:00  SCV  
  13  0:12  SCV  
  14  0:18  Supply Depot  
  14  0:24  SCV  
  15  0:39  SCV  
  15  0:40  Barracks  
  16  0:44  Refinery  
  16  0:52  SCV  
  16  0:53  Refinery  
  17  1:04  SCV  
  18  1:16  SCV  
  19  1:28  Reaper, Orbital Command  
  20  1:33  Supply Depot  
  20  1:42  Factory  
  20  1:54  SCV  
  21  2:00  Barracks Reactor  
  21  2:06  SCV  
  22  2:18  SCV  
  22  2:22  Command Center  
  23  2:29  Hellion  
  25  2:30  SCV  
  27  2:37  Reaper x2  
  27  2:42  Supply Depot  
  28  2:50  Hellion  
  30  2:55  Starport  
  30  2:57  SCV  
  31  3:10  Marine x2  
  31  3:11  Factory Tech Lab  
  33  3:13  SCV  
  33  3:19  Refinery  
  34  3:25  SCV  
  35  3:27  Marine  
  35  3:28  Marine  
  35  3:32  Starport Tech Lab  
  40  3:34  Cyclone  
  35  3:48  Marine  
  35  3:49  Marine  
  35  3:50  SCV  
  38  3:56  Viking  
  38  3:57  Orbital Command  
  41  4:02  SCV  
  41  4:06  Siege Tank  
  41  4:07  Marine x2  
  46  4:14  SCV  
  47  4:18  Supply Depot  
  47  4:24  SCV  
  48  4:26  Marine x2  
  48  4:27  SCV  
  51  4:32  Raven  
  51  4:36  SCV  
  47  4:53  Marine x2  
  47  4:54  Siege Tank  
  47  4:55  SCV  
  47  4:58  SCV  
  53  5:06  Supply Depot  
  53  5:07  SCV  
  53  5:08  Command Center  
  46  5:28  Marine x2  
  45  5:29  Siege Tank  
  45  5:30  SCV x2  
  45  5:32  Barracks  
  52  5:36  Barracks  

Tags
 
Add a new tag
Caveats
  • Supply blocks, unpowered buildings, or Contaminate may cause inaccurate times.
  • Supply counts are checked every 10 seconds.